 Dungeon Sprint DCSS version 0.22-a0-393-g7f50228948 (webtiles) character file.

29571 Hephaistos the Shatterer (level 13, -6/136 HPs)
             Began as a Deep Dwarf Fighter on May 3, 2018.
             Was the Champion of Makhleb.
             Killed from afar by a thorn hunter (14 damage)
             ... with a volley of thorns
             ... in the Dungeon (Sprint IX: "|||||||||||||||||||||||||||||").
             The game lasted 00:04:58 (1716 turns).

Hephaistos the Shatterer (Deep Dwarf Fighter)       Turns: 1716, Time: 00:04:58

Health: -6/136     AC: 17    Str: 28    XL:     13   Next: 15%
Magic:  12/12      EV: 19    Int: 11    God:    Makhleb [******]
Gold:   1125       SH: 14    Dex: 12    Spells: 12/12 levels left

rFire    . . .     SeeInvis .   A - +2 eveningstar (drain)
rCold    . . .     Gourm    .   c - +0 shield
rNeg     . . .     Faith    .   r - +2 ring mail
rPois    .         Spirit   .   q - +0 helmet
rElec    .         Reflect  .   B - +2 cloak {MR+}
rCorr    .         Harm     .   d - +0 pair of gloves
MR       ++...     NoTele   +   p - +0 pair of boots
Stlth    +.........             (no amulet)
HPRegen  0.00/turn              s - +3 ring of strength
MPRegen  0.13/turn              t - +2 ring of evasion

@: non-regenerating
A: damage resistance, heal wounds, fangs 1, sense surroundings 2, strong 1,
MP-powered wands, no regeneration
a: Heal Wounds, Minor Destruction, Lesser Servant of Makhleb, Major Destruction,
Greater Servant of Makhleb, Renounce Religion


You were in the Dungeon.
You worshipped Makhleb.
Makhleb was exalted by your worship.
You were not hungry.

You visited 1 branch You collected 1914 gold pieces.
You spent 789 gold pieces at shops.

Inventory:

Hand Weapons
 o - a +2 morningstar of protection
 A - a +2 eveningstar of draining (weapon)
Armour
 c - a +0 shield (worn)
 d - a +0 pair of gloves (worn)
 p - a +0 pair of boots (worn)
 q - a +0 helmet (worn)
 r - a +2 ring mail (worn)
 B - a +2 cloak of magic resistance (worn)
Jewellery
 s - a +3 ring of strength (left hand)
 t - a +2 ring of evasion (right hand)
 w - an uncursed ring of protection from fire
 y - an uncursed ring of protection from cold
Wands
 n - a wand of iceblast (10)
Scrolls
 a - a scroll of fear
 k - 3 scrolls of blinking
 l - 6 scrolls of remove curse
 m - 3 scrolls of amnesia
 v - 2 scrolls of fog
 x - 4 scrolls of enchant armour
 D - a scroll of identify
 E - 2 scrolls of enchant weapon
Potions
 b - a potion of mutation
 e - 12 potions of curing
 g - 3 potions of heal wounds
 h - 3 potions of haste
 i - 4 potions of magic
 j - a potion of invisibility
 u - 2 potions of agility
 z - 3 potions of might
 C - a potion of berserk rage
Comestibles
 f - 12 rations
 F - 3 chunks of flesh


   Skills:
 + Level 14.4 Fighting
 * Level 22.8 Maces & Flails
 + Level 11.0 Armour
 + Level 11.3 Dodging
 + Level 15.0 Shields


You had 12 spell levels left.
You didn't know any spells.

Dungeon Overview and Level Annotations

Branches:
Dungeon (1/1)

Altars:
Cheibriados
Dithmenos
Elyvilon
Fedhas
Gozag
Hepliaklqana
Kikubaaqudgha
Makhleb
Nemelex Xobeh
Okawaru
Qazlal
Ru
Sif Muna
Trog
Uskayaw
Vehumet
Wu Jian
Xom
Yredelemnul
Zin
The Shining One
Beogh
Jiyva
Lugonu

Shops:
D :(!?


Innate Abilities, Weirdness & Mutations

You are resistant to damage.
You can heal yourself by infusing magical energy.
You passively map the area around you.
You do not regenerate.
You have very sharp teeth.
Your muscles are strong. (Str +2)
You expend magic power (3 MP) to strengthen your wands.


Message History

The thorn hunter fires a volley of thorns at you.
The volley of thorns hits you!
You impale the thorn hunter!! Your bite misses the thorn hunter.
The thorn hunter is heavily damaged.
You block the thorn hunter's attack. The thorn hunter hits you!
You sock the thorn hunter! You bite the thorn hunter.
The thorn hunter is severely damaged.
The thorn hunter fires a volley of thorns at you.
The volley of thorns hits you!
* * * LOW HITPOINT WARNING * * *
You puncture the thorn hunter! Your bite misses the thorn hunter.
The thorn hunter is severely damaged.
The thorn hunter hits you!
* * * LOW HITPOINT WARNING * * *
You block the thorn hunter's attack.
You hit the thorn hunter.
The thorn hunter is almost destroyed.
The thorn hunter fires a volley of thorns at you.
The volley of thorns hits you!
You die...

*,
*,▓.▓.▓.▓.▓.▓.▓.▓.▓_
,*, *,
▓.▓.▓.▓.▓.▓.▓.▓.▓_ *
, ▓P▓.▓.▓.▓.▓.▓†▓.▓_
* *,* * *
▓P▓.▓.▓.▓)▓.▓.▓.▓_ *
*, ,
▓.▓.▓.▓.▓)▓.▓†▓.▓' ,
* * *
*,▓.▓.▓)▓.▓)▓.▓†▓.▓.
, , , ,
▓.▓.▓.▓.▓)▓.▓.▓.▓. *
,▓.▓.▓(▓.▓)▓.▓.▓.▓|
, *, ,* *,
,♣@♣.▓.▓.▓)▓.▓.▓.▓)
* * *
*,♣f♣.▓(▓.▓∩▓.▓.▓.▓.
* ♣k♣.▓)▓.▓.▓.▓.▓.▓.
,* * *,*
♣n♣.▓(▓.▓∩▓.▓.▓.▓. *
♣.♣.▓.▓.▓.▓.▓.▓.▓. *
,* ,
,♣.♣.▓.▓.▓∩▓.▓(▓.▓[
*, , *
♣.♣.▓.▓.▓.▓.▓.▓.▓† *
* ♣.♣.▓.▓.▓∩▓.▓[▓.▓)
,* * *,*,
♣.▓.▓.▓)▓.▓)▓.▓†


You could see a thorn hunter, a bog body and a swamp drake.

Vanquished Creatures
  Rupert (D)
  A nagaraja (D)
  A ghost moth (D)
  2 stone giants (D)
  A very ugly thing (D)
  A rakshasa (D)
  A hydra (D)
  A merfolk avatar (D)
  A shock serpent (D)
  A sea snake (D)
  A swamp dragon (D)
  An unseen horror (D)
  A harpy (D)
  An orb spider (D)
  An orc knight (D)
  A manticore (D)
  6 orc sorcerers (D)
  2 ugly things (D)
  2 cyclopes (D)
  5 black mambas (D)
  A merfolk siren (D)
  A water nymph (D)
  A naga mage (D)
  3 spiny frogs (D)
  A kobold demonologist (D)
  An efreet (D)
  A komodo dragon (D)
  A demonic crawler (D)
  A polar bear (D)
  A freezing wraith (D)
  2 merfolk (D)
  A tyrant leech (D)
  4 jumping spiders (D)
  2 bog bodies (D)
  A slime creature (shapeshifter) (D)
  2 slime creatures (D)
  5 blink frogs (D)
  A hippogriff (D)
  2 yaks (D)
  2 tarantellas (D)
  A water elemental (D)
  A human (shapeshifter) (D)
  A hungry ghost (D)
  3 vampire mosquitoes (D)
  An insubstantial wisp (D)
  A naga (D)
  A water moccasin (D)
  3 porcupines (D)
  An ice beast (D)
  8 orc warriors (D)
  3 wolves (D)
  A big kobold (D)
  3 crocodiles (D)
  A bullfrog (D)
  2 scorpions (D)
  A jelly (D)
  2 orc priests (D)
  16 orc wizards (D)
  A worker ant (D)
  A gnoll (D)
  An adder (D)
  7 orcs (D)
  A jackal (D)
  A bat (D)
  A frilled lizard (D)
  A leopard gecko zombie (D)
  A rat (D)
131 creatures vanquished.

Vanquished Creatures (others)
  A vampire (D)
  An orc (D)
  A giant cockroach zombie (D)
  A briar patch (D)
4 creatures vanquished.

Grand Total: 135 creatures vanquished

Notes
Turn   | Place    | Note
-------+----------+-------------------------------------------
     0 | D        | Hephaistos the Deep Dwarf Fighter began the quest for the Orb.
     0 | D        | Reached XP level 1. HP: 20/20 MP: 1/1
    10 | D        | Reached skill level 3 in Maces & Flails
    24 | D        | Reached skill level 5 in Maces & Flails
    24 | D        | Reached XP level 2. HP: 6/27 MP: 2/2
    32 | D        | Noticed a scorpion
    39 | D        | Killed a scorpion
    39 | D        | Reached skill level 7 in Maces & Flails
    39 | D        | Reached XP level 3. HP: 33/33 MP: 3/3
    43 | D        | Reached skill level 8 in Maces & Flails
    43 | D        | Reached XP level 4. HP: 40/40 MP: 4/4
    48 | D        | Reached skill level 9 in Maces & Flails
    87 | D        | Found a roughly hewn altar of Beogh.
    87 | D        | Found a snail-covered altar of Cheibriados.
    87 | D        | Found a shadowy altar of Dithmenos.
    87 | D        | Found a white marble altar of Elyvilon.
    87 | D        | Found a blossoming altar of Fedhas.
    87 | D        | Found an opulent altar of Gozag.
    88 | D        | Found a hazy altar of Hepliaklqana.
    89 | D        | Found a viscous altar of Jiyva.
    90 | D        | Found an ancient bone altar of Kikubaaqudgha.
    91 | D        | Found a corrupted altar of Lugonu.
    92 | D        | Found a burning altar of Makhleb.
    93 | D        | Found a sparkling altar of Nemelex Xobeh.
    94 | D        | Found an iron altar of Okawaru.
    95 | D        | Found a stormy altar of Qazlal.
    96 | D        | Found a sacrificial altar of Ru.
    97 | D        | Found a deep blue altar of Sif Muna.
    98 | D        | Found a bloodstained altar of Trog.
    99 | D        | Found a hide-covered altar of Uskayaw.
   100 | D        | Found a radiant altar of Vehumet.
   102 | D        | Became a worshipper of Makhleb the Destroyer
   104 | D        | Found an ornate altar of the Wu Jian Council.
   105 | D        | Found a shimmering altar of Xom.
   106 | D        | Found a basalt altar of Yredelemnul.
   107 | D        | Found a glowing silver altar of Zin.
   108 | D        | Found a glowing golden altar of the Shining One.
   177 | D        | Noticed a yak
   177 | D        | Noticed a hippogriff
   177 | D        | Noticed a big kobold
   186 | D        | Killed a yak
   186 | D        | Reached skill level 10 in Maces & Flails
   186 | D        | Reached skill level 5 in Armour
   186 | D        | Reached XP level 5. HP: 30/50 MP: 5/5
   194 | D        | Killed a hippogriff
   194 | D        | Reached skill level 12 in Maces & Flails
   194 | D        | Reached skill level 1 in Dodging
   194 | D        | Reached skill level 5 in Shields
   194 | D        | Reached XP level 6. HP: 35/60 MP: 6/6
   198 | D        | Killed an unseen horror
   198 | D        | Reached * piety under Makhleb
   198 | D        | Reached skill level 5 in Fighting
   198 | D        | Reached skill level 13 in Maces & Flails
   198 | D        | Reached XP level 7. HP: 34/68 MP: 7/7
   211 | D        | Reached ** piety under Makhleb
   224 | D        | Noticed a vampire
   224 | D        | Noticed a cyclops
   224 | D        | Noticed a cyclops
   224 | D        | Noticed an efreet
   240 | D        | Killed a vampire
   240 | D        | Reached skill level 14 in Maces & Flails
   240 | D        | Reached XP level 8. HP: 47/76 MP: 7/7
   247 | D        | Killed a cyclops
   252 | D        | Killed a cyclops
   252 | D        | Reached skill level 15 in Maces & Flails
   258 | D        | Killed an efreet
   258 | D        | Gained mutation: You passively map the area around you. [Deep Dwarf growth]
   258 | D        | Reached XP level 9. HP: 36/86 MP: 8/8
   473 | D        | Gained mutation: You expend magic power (3 MP) to strengthen your wands. [potion of mutation]
   473 | D        | Gained mutation: Your muscles are strong. (Str +2) [potion of mutation]
   473 | D        | Gained mutation: You have very sharp teeth. [potion of mutation]
   474 | D        | Noticed a six-headed hydra
   482 | D        | Reached *** piety under Makhleb
   482 | D        | Reached skill level 16 in Maces & Flails
   486 | D        | Noticed a spiny frog
   490 | D        | Killed a six-headed hydra
   505 | D        | Reached **** piety under Makhleb
   505 | D        | Reached skill level 17 in Maces & Flails
   514 | D        | Killed a spiny frog
   518 | D        | Reached skill level 5 in Dodging
   527 | D        | Noticed a polar bear
   528 | D        | Noticed a komodo dragon
   531 | D        | Reached ***** piety under Makhleb
   531 | D        | Reached XP level 10. HP: 85/98 MP: 9/9
   557 | D        | Reached skill level 18 in Maces & Flails
   583 | D        | Noticed a spiny frog
   584 | D        | Reached ****** piety under Makhleb
   591 | D        | Killed a spiny frog
   605 | D        | Reached skill level 10 in Shields
   812 | D        | Noticed an orc knight
   826 | D        | Killed an orc knight
   833 | D        | Reached skill level 10 in Fighting
   853 | D        | Reached skill level 19 in Maces & Flails
   861 | D        | Reached XP level 11. HP: 92/109 MP: 10/10
   910 | D        | Found Cuirat's Book Emporium.
   910 | D        | Noticed an orc sorcerer
   927 | D        | Found Suighihi's Antique Weapon Shoppe.
   927 | D        | Noticed an orc sorcerer
   930 | D        | Noticed an orc sorcerer
   933 | D        | Killed an orc sorcerer
   935 | D        | Found Lieklisi's Distillery.
   935 | D        | Noticed an orc sorcerer
   943 | D        | Killed an orc sorcerer
   948 | D        | Killed an orc sorcerer
   970 | D        | Noticed an orc sorcerer
   978 | D        | Killed an orc sorcerer
   979 | D        | Found Xaheptixt's Magic Scroll Shoppe.
   987 | D        | Killed an orc sorcerer
   992 | D        | Noticed an orc sorcerer
  1002 | D        | Noticed a sun demon
  1008 | D        | Killed an orc sorcerer
  1062 | D        | Bought a scroll of enchant armour for 105 gold pieces
  1062 | D        | Bought a scroll of enchant armour for 105 gold pieces
  1064 | D        | Bought 2 potions of curing for 78 gold pieces
  1064 | D        | Bought 2 potions of curing for 78 gold pieces
  1064 | D        | Bought a potion of curing for 39 gold pieces
  1064 | D        | Bought a potion of agility for 52 gold pieces
  1064 | D        | Bought a potion of might for 52 gold pieces
  1068 | D        | Bought a book of Cantrips for 280 gold pieces
  1230 | D        | Noticed a sixfirhy
  1236 | D        | Noticed a purple ugly thing
  1242 | D        | Noticed a cyan ugly thing
  1247 | D        | Noticed a rakshasa
  1255 | D        | Killed a cyan ugly thing
  1255 | D        | Reached skill level 20 in Maces & Flails
  1258 | D        | Killed a cyan ugly thing
  1259 | D        | Noticed a stone giant
  1259 | D        | Noticed a mana viper
  1259 | D        | a snapping turtle changed into a mana viper
  1260 | D        | Noticed a lindwurm
  1260 | D        | a mana viper changed into a lindwurm
  1266 | D        | Noticed a stone giant
  1269 | D        | Noticed a red very ugly thing
  1274 | D        | Killed a stone giant
  1286 | D        | Killed a rakshasa
  1293 | D        | Killed a stone giant
  1293 | D        | Reached XP level 12. HP: 92/122 MP: 11/11
  1299 | D        | Killed a red very ugly thing
  1380 | D        | Noticed Rupert
  1393 | D        | Killed Rupert
  1393 | D        | Reached skill level 21 in Maces & Flails
  1393 | D        | Reached skill level 10 in Armour
  1441 | D        | Noticed a nagaraja
  1453 | D        | Killed a nagaraja
  1453 | D        | Reached skill level 10 in Dodging
  1513 | D        | Noticed a merfolk avatar
  1531 | D        | Reached skill level 22 in Maces & Flails
  1543 | D        | Killed a merfolk avatar
  1604 | D        | Killed a ghost moth
  1604 | D        | Reached XP level 13. HP: 78/135 MP: 0/12
  1656 | D        | Noticed a thorn hunter
  1686 | D        | Reached skill level 15 in Shields
  1716 | D        | Killed from afar by a thorn hunter

Vault maps used:
D:        linesprint

Skill      XL: |  1  2  3  4  5  6  7  8  9 10 11 12 13 |
---------------+----------------------------------------+-----
Maces & Flails | 5 7 8 10 12 13 14 15 17 19 20 22 | 22.8
Fighting       | 4 5 6 7 8 10 12 14 | 14.4
Armour         | 5 6 7 8 9 10 11 | 11.0
Shields        | 4 5 6 7 8 11 13 14 15 | 15.0
Dodging        | 1 2 3 5 7 9 10 11 | 11.3

Action                   |  1- 3 |  4- 6 |  7- 9 | 10-12 | 13-15 || total
-------------------------+-------+-------+-------+-------+-------++-------
Melee: Flail             |    30 |     5 |       |       |       ||    35
       Morningstar       |       |    20 |    81 |   236 |       ||   337
       Bite              |       |       |     9 |    70 |    10 ||    89
       Eveningstar       |       |       |       |   200 |    52 ||   252
 Abil: Heal Wounds       |     1 |       |     4 |       |       ||     5
  Use: Potion            |     1 |       |     2 |       |       ||     3
  Eat: Chunk             |       |       |       |     4 |       ||     4
Armor: Scale mail        |    10 |     1 |       |       |       ||    11
       Ring mail         |       |    17 |    22 |    78 |    16 ||   133
Dodge: Dodged            |     7 |     8 |    29 |   119 |    58 ||   221
Block: Shield            |    10 |     8 |    36 |   150 |    23 ||   227

Table legend:
 A = Spawn XP
 B = Non-spawn XP
 C = Spawn XP percentage of total XP
 D = Spawn monster count
 E = Non-spawn monster count
 F = Spawn count percentage of total count
 G = Total turns spent on level
                    A         B        C        D         E        F      G
               +---------+---------+-------+---------+---------+-------+---------
         Total |       0 |   42245 |   0.0 |       0 |     132 |   0.0 |  1716
               +---------+---------+-------+---------+---------+-------+---------
             D |       0 |   42245 |   0.0 |       0 |     132 |   0.0 |  1716
               +---------+---------+-------+---------+---------+-------+---------
